 Dungeon Crawl Stone Soup version 0.22-a0-480-g991dd4b (webtiles) character file.

87 Gildenfire the Charmwright (level 4, -5/23 HPs)
             Began as a Spriggan Skald on June 15, 2018.
             Killed from afar by an orc wizard (13 damage)
             ... with a puff of frost
             ... on level 3 of the Dungeon on June 16, 2018.
             The game lasted 00:16:06 (1804 turns).

Gildenfire the Charmwright (Spriggan Skald)         Turns: 1804, Time: 00:16:06

Health: -5/23      AC:  2    Str:  7    XL:     4   Next: 28%
Magic:  8/10       EV: 20    Int: 14    God:
Gold:   173        SH:  0    Dex: 16    Spells: 8/9 levels left

rFire    . . .     SeeInvis +   a - +0 short sword
rCold    . . .     Gourm    .   (shield restricted)
rNeg     . . .     Faith    .   l - +0 robe
rPois    +         Spirit   .   (helmet restricted)
rElec    .         Reflect  .   (no cloak)
rCorr    .         Harm     .   (gloves unavailable)
MR       .....                  (boots unavailable)
Stlth    ++........             (no amulet)
HPRegen  0.07/turn              n - ring of poison resistance
MPRegen  0.12/turn              m - ring of wizardry

@: very quick
A: very small, unfitting armour, see invisible, herbivore, speed 3, slow
metabolism 2
a: no special abilities


You were on level 3 of the Dungeon.
You were not hungry.

You visited 1 branch of the dungeon, and saw 3 of its levels.

You collected 173 gold pieces.

Inventory:

Hand Weapons
 a - a +0 short sword (weapon)
 g - a +0 hunting sling
Missiles
 b - 10 poisoned needles
 c - 17 bolts
Armour
 l - a +0 robe (worn)
Jewellery
 f - an uncursed ring of teleportation
 m - a ring of wizardry (right hand)
 n - a ring of poison resistance (left hand)
Scrolls
 e - a scroll of teleportation
Potions
 i - a potion of brilliance {unknown}
 j - 2 potions of heal wounds
 k - a potion of curing {unknown}
Comestibles
 d - 5 rations


   Skills:
 * Level 1.9 Fighting
 * Level 3.0 Short Blades
 * Level 4.7 Dodging
 + Level 1.2 Stealth
 * Level 3.3 Spellcasting
 * Level 5.1 Charms


You had 8 spell levels left.
You knew the following spells:

 Your Spells              Type           Power        Failure   Level  Hunger
a - Infusion              Chrm           ###.         1%          1    #......

Your spell library contained the following spells:

 Spells                   Type           Power        Failure   Level  Hunger
 Regeneration             Chrm/Necr      #.........   9%          3    ###....
 Shroud of Golubria       Chrm/Tloc      #.........   4%          2    ##.....
 Song of Slaying          Chrm           ###.....     1%          2    ##.....
 Spectral Weapon          Hex/Chrm       #.......     9%          3    ###....


Dungeon Overview and Level Annotations

Branches:
Dungeon (3/15)

Altars:
Gozag
Vehumet


Innate Abilities, Weirdness & Mutations

You are very small and have problems with some larger weapons.
You are too small for most types of armour.
You have supernaturally acute eyesight. (SInv)
You are a herbivore.
You cover ground extremely quickly.
You need to consume almost no food.


Message History

The orc wizard points at you and mumbles some strange words.
The puff of flame hits you!
You barely miss the hobgoblin. The hobgoblin completely misses you.
You closely miss the hobgoblin. The hobgoblin misses you.
You closely miss the hobgoblin. The hobgoblin completely misses you.
You hit the hobgoblin.
The hobgoblin is moderately wounded.
The hobgoblin barely misses you.
You hit the hobgoblin.
The hobgoblin is almost dead.
The hobgoblin hits you with a club.
You hit the hobgoblin.
You kill the hobgoblin!
The orc wizard hits you with a dagger.
You hit the orc wizard but do no damage.
The orc wizard is heavily wounded.
The orc wizard gestures at you while chanting.
The puff of frost hits you!
Ouch! That really hurt!
You die...

#.... #.... # ###.. #
#.#### #.. .$##. ..#
#.. ....>.#.### #..
......#...# #..
......o.#.# #..
#@..##### ### #.<.....#
#######.# #
##########...# #
#..........### ##
#..........##### #.
#..............#### #.
#...............#.####.
#........#...#....#....


You could see an orc wizard (invisible).

Vanquished Creatures
  Jessica (D:2)
  2 adders
  A worm (D:3)
  A dart slug (D:3)
  3 leopard geckos
  An orc (D:3)
  A giant cockroach (D:2)
  A goblin (D:2)
  4 hobgoblins
  2 jackals (D:3)
  A quokka (D:3)
  A ball python (D:1)
  5 bats
  3 frilled lizards
  5 kobolds
  6 rats
38 creatures vanquished.

Notes
Turn   | Place    | Note
-------+----------+-------------------------------------------
     0 | D:1      | Gildenfire the Spriggan Skald began the quest for the Orb.
     0 | D:1      | Reached XP level 1. HP: 10/10 MP: 5/5
   350 | D:1      | Reached XP level 2. HP: 12/14 MP: 6/6
   848 | D:2      | Found an opulent altar of Gozag.
  1038 | D:2      | Noticed Jessica
  1044 | D:2      | Killed Jessica
  1044 | D:2      | Reached skill level 1 in Stealth
  1044 | D:2      | Reached skill level 5 in Charms
  1044 | D:2      | Reached XP level 3. HP: 9/18 MP: 8/8
  1573 | D:3      | Reached XP level 4. HP: 23/23 MP: 9/9
  1648 | D:3      | Found a radiant altar of Vehumet.
  1804 | D:3      | Killed from afar by an orc wizard

Vault maps used:
D:1:      roderic_dead_forest
D:2:      nicolae_gozag_cash_rules_everything_around_me, uniq_jessica
D:3:      vehumet_crystals, first_ration, minmay_misc_feat_doors

Skill      XL: |  1  2  3  4 |
---------------+-------------+-----
Spellcasting   | 3 |  3.3
Dodging        | 4 |  4.7
Stealth        | 1 |  1.2
Charms         | 5 |  5.1
Short Blades   | 3 |  3.0
Fighting       | |  1.9

Action                   |  1- 3 |  4- 6 || total
-------------------------+-------+-------++-------
Melee: Short sword       |   114 |    62 ||   176
 Cast: Infusion          |     6 |     1 ||     7
  Use: Scroll            |     9 |     1 ||    10
       Potion            |       |     3 ||     3
 Stab: Sleeping          |     5 |       ||     5
Armor: Robe              |     9 |     2 ||    11
       Skin              |       |     3 ||     3
Dodge: Dodged            |    96 |    45 ||   141

Table legend:
 A = Spawn XP
 B = Non-spawn XP
 C = Spawn XP percentage of total XP
 D = Spawn monster count
 E = Non-spawn monster count
 F = Spawn count percentage of total count
 G = Total turns spent on level
                    A         B        C        D         E        F      G
               +---------+---------+-------+---------+---------+-------+---------
         Total |       0 |     125 |   0.0 |       0 |      38 |   0.0 |  1804
               +---------+---------+-------+---------+---------+-------+---------
           D:1 |       0 |      20 |   0.0 |       0 |      15 |   0.0 |   813
           D:2 |       0 |      69 |   0.0 |       0 |      13 |   0.0 |   586
           D:3 |       0 |      36 |   0.0 |       0 |      10 |   0.0 |   405
               +---------+---------+-------+---------+---------+-------+---------
